AoeStats
← Pay It Forward

Arena

510258481Analyzed
4v4 RM · 2d ago on Sep 30, 2026· 31m 18s· 8 players
Game mode
Random Map
Map size
Large (8 player)
Population
200
Speed
Normal
Resources
Standard
Victory
Conquest
Starting age
Dark Age
Ending age
Imperial Age
RankedLock teamsTeams togetherTeam positionsShared explorationLock speedFull tech treeHidden civsTurbo modeCheats
Victory
Defeat
🇲🇽 Bohemians · Mexico
1129
+14
🇲🇽 Persians · Mexico
1115
+15
🇲🇽 Burgundians · Mexico
1083
+16
🇲🇽 Turks · Mexico
1039
+18
🇨🇳 Teutons · China
1112
-17
🇲🇽 Saracens · Mexico
1101
-16
🇨🇳 Britons · China
1066
-15
🇲🇽 Khmer · Mexico
1056
-15
夙川惠璃
11:17 Feudal Age
11:43 Horse Collar
11:51 Double-Bit Axe
17:20 Castle Age
17:19 Stone Mining
18:13 Bow Saw
18:05 Heavy Plow
20:46 Wheelbarrow
22:39 Scale Mail Armor
22:52 Forging
24:30 Stone Shaft Mining
25:04 Hand Cart
25:35 Iron Casting
30:59 Imperial Age
28:24 Gold Mining
30:53 Chain Mail Armor
30:29 Fletching
31:41 Squires
31:26 Arson
31:27 Gambesons
ThiranoMarck
1:45 Loom
10:03 Feudal Age
14:25 Castle Age
29:10 Imperial Age
26:52 Gold Mining
Pay It Forward
0:31 Loom
10:09 Feudal Age
17:14 Castle Age
15:24 Padded Archer Armor
15:12 Double-Bit Axe
15:20 Horse Collar
15:49 Gold Mining
17:27 Padded Archer Armor
22:34 Wheelbarrow
22:59 Heated Shot
23:32 Ballistics
24:34 Fletching
25:16 Hand Cart
oOoOo_oO
10:11 Feudal Age
14:47 Castle Age
13:09 Loom
15:16 Double-Bit Axe
18:15 Town Watch
21:06 Horse Collar
21:49 Heavy Plow
22:30 Elite Skirmisher
23:49 Gold Mining
24:37 Wheelbarrow
26:22 Bow Saw
27:12 Scale Barding Armor
arq_lobo
11:37 Feudal Age
15:44 Castle Age
20:56 Imperial Age
18:35 Double-Bit Axe
19:56 Bow Saw
19:31 Horse Collar
25:41 Wheelbarrow
31:38 Artillery
TxSoyLealxT
10:58 Feudal Age
14:33 Castle Age
12:17 Horse Collar
12:39 Double-Bit Axe
15:01 Wheelbarrow
14:36 Loom
15:27 Wheelbarrow
17:37 Chemistry
19:11 Bow Saw
24:34 Padded Archer Armor
25:02 Squires
25:51 Guard Tower
26:32 Ballistics
skorge_13
4:59 Loom
6:14 Double-Bit Axe
10:45 Feudal Age
11:40 Feudal Age
13:12 Bow Saw
18:23 Castle Age
17:31 Forging
18:33 Scale Barding Armor
18:36 Cavalier
19:18 Husbandry
DavidMC117
11:14 Feudal Age
15:50 Castle Age
18:46 Double-Bit Axe
21:24 Loom
23:04 Wheelbarrow
23:03 Horse Collar
23:35 Town Watch
25:09 Bloodlines
25:50 Scale Barding Armor
28:34 Gold Mining
28:46 Heavy Plow
28:58 Bow Saw
32:04 Imperial Age
30:15 Forging
30:27 Chain Barding Armor
30:36 Husbandry
31:38 Gold Shaft Mining
Connection lost

Rejoining the realm…

Still unreachable

The connection could not be restored.

Session expired

The server has moved on; the page needs a fresh start.